AoeStats
← Steklowata

Lombardia

509930197Analyzed
4v4 RM · 4d ago on Sep 28, 2026· 30m 25s· 8 players
Game mode
Random Map
Map size
Large (8 player)
Population
200
Speed
Normal
Resources
Standard
Victory
Conquest
Starting age
Dark Age
Ending age
Imperial Age
RankedLock teamsTeams togetherTeam positionsShared explorationLock speedFull tech treeHidden civsTurbo modeCheats
Victory
Defeat
🇩🇪 Georgians · Germany
1186
+10
🇵🇱 Khmer · Poland
1011
+17
🇷🇺 Franks · Russia
1009
+17
🇬🇧 Vikings · United Kingdom
968
+18
🇬🇷 Franks · Greece
1061
-17
🇦🇷 Slavs · Argentina
1042
-16
🇬🇧 Bohemians · United Kingdom
1026
-15
🇬🇧 Wei · United Kingdom
997
-14
Darth Walrus
4:22 Loom
14:28 Feudal Age
15:24 Horse Collar
15:40 Double-Bit Axe
16:35 Wheelbarrow
22:50 Castle Age
24:27 Bow Saw
24:11 Crossbowman
24:21 Crossbowman
26:21 Hand Cart
28:33 Fervor
28:47 Ballistics
28:43 Heavy Plow
Nofootstepsafe
1:55 Loom
11:45 Feudal Age
13:17 Double-Bit Axe
21:30 Castle Age
21:45 Forging
22:36 Bloodlines
fotolithos
11:37 Feudal Age
17:49 Castle Age
17:03 Double-Bit Axe
BUFANDA DE RICOTTA
trdc
5:20 Loom
10:12 Feudal Age
11:18 Double-Bit Axe
18:39 Castle Age
19:00 Crossbowman
20:53 Bow Saw
20:05 Man-at-Arms
21:29 Long Swordsman
22:11 Squires
22:03 Arson
22:56 Scale Mail Armor
25:52 Gold Mining
darlingramus
10:27 Feudal Age
9:08 Loom
13:48 Castle Age
12:55 Double-Bit Axe
19:34 Horse Collar
24:12 Bow Saw
24:00 Gold Mining
25:58 Scale Barding Armor
26:03 Forging
26:08 Bloodlines
26:01 Husbandry
28:19 Wheelbarrow
27:49 Heavy Plow
28:42 Chain Barding Armor
28:57 Iron Casting
Nighttake
11:15 Feudal Age
11:04 Loom
15:20 Castle Age
13:37 Double-Bit Axe
15:41 Horse Collar
16:52 Fletching
20:55 Sanctity
Steklowata
7:16 Loom
10:15 Feudal Age
11:13 Double-Bit Axe
13:19 Gold Mining
17:15 Castle Age
16:32 Scale Barding Armor
17:19 Forging
22:32 Bow Saw
24:04 Husbandry
24:31 Chain Barding Armor
27:26 Wheelbarrow
26:41 Town Watch
27:35 Iron Casting
29:29 Gold Shaft Mining
Connection lost

Rejoining the realm…

Still unreachable

The connection could not be restored.

Session expired

The server has moved on; the page needs a fresh start.